Map: [ESL] Cosmic Sapphire

Players

Serral - Winner!

  • Race: Zerg Zerg
  • Spawn Location: 11:00

Astrea

  • Race: Protoss Protoss
  • League: Master
  • Spawn Location: 5:00

Event: HomeStory Cup XXI

VOD

Have the link to the VOD?

Description

Time

  • Played on: July 24, 2022, 4:04 p.m.
  • Length: 9:27

All games in this series

Show
View Real Time Build Order
Export as new Build Order

Serral Zerg - Winner!

Build Orders: Hatch First 

Get SALT Encoding   

  12  0:00  Drone  
  13  0:12  Overlord  
  13  0:16  Drone  
  14  0:30  Drone x2  
  16  0:44  Drone  
  17  0:51  Hatchery  
  17  0:54  Drone  
  17  0:57  Drone  
  18  1:08  Extractor  
  17  1:14  Spawning Pool  
  17  1:17  Drone  
  17  1:21  Drone  
  18  1:28  Drone  
  19  1:38  Drone  
  20  1:53  Overlord  
  20  2:00  Queen  
  22  2:04  Queen, Zergling x4  
  26  2:10  Drone  
  26  2:12  Metabolic Boost  
  26  2:14  Drone  
  28  2:21  Drone  
  29  2:24  Drone  
  30  2:37  Drone  
  30  2:39  Drone  
  30  2:43  Hatchery  
  31  2:46  Queen  
  33  2:53  Overlord  
  33  2:55  Drone  
  33  2:56  Drone  
  35  2:58  Drone  
  35  3:04  Overlord  
  36  3:11  Queen  
  38  3:14  Drone x2  
  38  3:15  Drone  
  38  3:17  Drone  
  42  3:23  Drone x2  
  42  3:26  Drone  
  44  3:29  Queen  
  44  3:32  Overlord  
  46  3:34  Drone  
  46  3:36  Drone  
  48  3:45  Drone x3  
  51  3:50  Queen  
  51  3:51  Overlord  
  52  3:58  Drone x4  
  55  4:04  Spore Crawler  
  55  4:05  Spore Crawler, Drone  
  54  4:10  Queen  
  54  4:15  Drone x3  
  59  4:20  Overlord  
  59  4:21  Drone  
  59  4:22  Drone  
  62  4:24  Drone x2  
  62  4:31  Zergling x4  
  65  4:40  Roach Warren  
  65  4:41  Extractor, Drone x5  
  65  4:44  Drone  
  65  4:45  Drone x2  
  71  4:48  Zergling x2  
  71  4:50  Overlord  
  71  4:52  Lair  
  72  4:53  Drone  
  73  5:03  Hatchery  
  73  5:06  Drone  
  73  5:09  Drone x4  
  73  5:10  Drone x2  
  79  5:14  Evolution Chamber  
  79  5:15  Drone x3  
  81  5:25  Overlord x2  
  81  5:26  Extractor  
  81  5:28  Extractor  
  79  5:29  Drone x2  
  79  5:30  Extractor  
  79  5:32  Overlord, Extractor  
  79  5:33  Drone x2  
  81  5:39  Spore Crawler, Overlord  
  81  5:41  Drone  
  81  5:43  Zerg Missile Weapons Level 1  
  81  5:44  Drone x7  
  81  5:46  Overlord  
  88  5:50  Overlord  
  88  5:51  Roach x2  
  88  5:52  Glial Reconstitution  
  92  5:57  Spire  
  92  6:01  Zergling x8  
  95  6:10  Overlord  
  95  6:12  Drone x4  
  95  6:15  Roach x4  
  107  6:20  Roach x2  
  107  6:21  Roach  
  107  6:24  Overseer  
  107  6:25  Overlord  
  113  6:32  Roach x4  
  121  6:36  Roach  
  122  6:42  Roach x6  
  134  6:48  Overlord  
  134  6:49  Roach, Overlord  
  134  6:50  Roach  
  138  6:55  Roach x4  
  138  6:59  Overlord  
  142  7:12  Roach  
  142  7:13  Roach x10  
  163  7:19  Overlord x2  
  163  7:20  Overlord x2  
  165  7:22  Roach  
  165  7:23  Roach  
  165  7:31  Ravager  
  165  7:32  Overlord, Ravager x5  
  165  7:33  Overlord  
  165  7:36  Ravager x2  
  173  7:41  Roach x3, Zergling x12  
  185  7:47  Roach x5  
  195  7:52  Roach  
  195  7:53  Roach  
  189  8:00  Roach  
  189  8:01  Roach x5  
  189  8:03  Roach x2  
  170  8:06  Roach x2  
  170  8:14  Roach x5  
  174  8:23  Roach x6  
  170  8:29  Drone x6  
  176  8:38  Roach x3  
  177  8:50  Drone  
  177  8:51  Drone  
  177  8:54  Roach x7  
  179  9:04  Roach x4  
  179  9:08  Roach x2  
  170  9:17  Extractor  
  170  9:18  Extractor  
Show
View Real Time Build Order
Export as new Build Order

Astrea Protoss 

Build Orders: 1 Gate Expand, Oracle Opening, Archon Immortal, Archon Drop 

Get SALT Encoding   

  12  0:00  Probe  
  13  0:12  Probe  
  14  0:20  Pylon  
  14  0:24  Probe  
  15  0:38  Probe (Chrono Boost)  
  15  0:42  Gateway  
  16  0:47  Probe (Chrono Boost)  
  16  0:49  Assimilator  
  17  0:52  Probe  
  18  1:04  Probe  
  19  1:16  Probe  
  20  1:25  Nexus  
  20  1:28  Probe  
  21  1:38  Cybernetics Core  
  21  1:43  Assimilator  
  21  1:46  Probe  
  22  1:53  Pylon  
  22  1:58  Probe  
  23  2:11  Probe (Chrono Boost)  
  23  2:12  Adept (Chrono Boost)  
  26  2:21  Probe (Chrono Boost), Stargate  
  27  2:26  Probe (Chrono Boost)  
  28  2:30  Warp Gate  
  28  2:34  Adept  
  30  2:37  Probe (Chrono Boost)  
  32  2:44  Probe (Chrono Boost)  
  32  2:46  Probe (Chrono Boost)  
  32  2:51  Probe x2 (Chrono Boost)  
  35  3:01  Oracle (Chrono Boost)  
  35  3:02  Probe  
  35  3:03  Probe  
  40  3:10  Pylon  
  40  3:14  Probe  
  40  3:15  Probe  
  42  3:26  Probe  
  43  3:27  Probe  
  48  3:34  Void Ray (Chrono Boost)  
  48  3:37  Pylon  
  48  3:38  Probe  
  50  3:45  Nexus  
  50  3:47  Probe  
  50  3:50  Probe  
  51  3:59  Probe  
  51  4:01  Assimilator  
  52  4:03  Probe, Assimilator  
  52  4:05  Pylon  
  53  4:12  Probe (Chrono Boost)  
  53  4:15  Forge  
  55  4:17  Twilight Council  
  55  4:20  Pylon  
  55  4:21  Probe (Chrono Boost)  
  55  4:23  Probe (Chrono Boost)  
  56  4:26  Pylon  
  56  4:27  Probe (Chrono Boost)  
  56  4:28  Probe (Chrono Boost)  
  58  4:32  Robotics Facility  
  58  4:38  Probe (Chrono Boost)  
  59  4:40  Probe (Chrono Boost), Gateway  
  59  4:44  Protoss Ground Weapons Level 1 (Chrono Boost)  
  60  4:50  Probe (Chrono Boost)  
  61  4:56  Charge  
  61  4:58  Probe (Chrono Boost)  
  61  4:59  Templar Archives, Probe (Chrono Boost)  
  63  5:01  Probe (Chrono Boost)  
  65  5:11  Gateway  
  65  5:12  Probe x2 (Chrono Boost)  
  65  5:13  Probe (Chrono Boost), Gateway  
  67  5:18  Probe (Chrono Boost)  
  67  5:19  Assimilator  
  67  5:20  Probe (Chrono Boost), Assimilator  
  67  5:21  Probe (Chrono Boost)  
  70  5:23  Observer  
  70  5:26  Probe  
  72  5:30  Probe  
  72  5:32  Probe  
  74  5:36  Gateway x2  
  74  5:38  Probe  
  74  5:41  Gateway  
  75  5:43  Probe, Gateway  
  75  5:44  Probe  
  75  5:46  Pylon  
  77  5:50  Probe, High Templar x2  
  77  5:53  Warp Prism (Chrono Boost)  
  77  5:55  Photon Cannon  
  77  5:56  Archon  
  84  6:03  Photon Cannon  
  85  6:04  Probe  
  85  6:09  High Templar x2  
  85  6:10  Psionic Storm, Probe  
  90  6:15  Pylon, Archon  
  90  6:21  Pylon  
  90  6:24  Nexus  
  90  6:27  Pylon  
  90  6:32  Immortal  
  94  6:38  High Templar x2, Zealot x2  
  102  6:40  Zealot  
  102  6:43  Archon  
  102  6:44  Zealot x2  
  108  6:50  Protoss Ground Weapons Level 2  
  108  6:52  Probe x2  
  110  6:58  Probe  
  111  7:02  Photon Cannon  
  111  7:03  Zealot  
  111  7:04  Probe x2, Zealot  
  111  7:05  Shield Battery  
  117  7:10  Probe  
  117  7:13  Immortal (Chrono Boost)  
  120  7:16  Probe x2  
  120  7:21  High Templar x3  
  129  7:22  Probe  
  129  7:27  Photon Cannon  
  129  7:28  Probe  
  130  7:32  High Templar  
  130  7:35  Probe  
  133  7:38  Probe x2  
  133  7:39  High Templar, Assimilator  
  133  7:40  Probe, Assimilator  
  138  7:45  Pylon  
  138  7:48  Immortal (Chrono Boost)  
  138  7:49  Pylon, Shield Battery  
  138  7:50  Shield Battery  
  142  7:57  Zealot x4  
  144  8:02  Zealot x2  
  126  8:12  Stalker x2  
  115  8:21  Immortal (Chrono Boost)  
  115  8:23  Stalker x5  
  105  8:39  High Templar x2  
  105  8:40  Zealot  
  111  8:42  Pylon  
  111  8:43  Pylon  
  111  8:46  High Templar, Zealot x4  
  119  8:52  Pylon  
  119  8:53  Pylon  
  113  9:04  Zealot  
  113  9:07  Zealot x4  
  77  9:17  Stalker x2  
  77  9:18  Stalker  
Tags
 
Add a new tag
Caveats
  • Supply blocks, unpowered buildings, or Contaminate may cause inaccurate times.
  • Supply counts are checked every 10 seconds.